 Dungeon Crawl Stone Soup version 0.30.0-29-ga12c61a403 (webtiles) character file.

Game seed: 13812701258029789960

111 qw the Chopper (level 4, -7/28 HPs)
             Began as a Gargoyle Fighter on June 3, 2023.
             Mangled by a gnoll
             ... wielding a +0 flail
              (8 damage)
             ... on level 2 of the Dungeon.
             The game lasted 00:00:28 (938 turns).

qw the Chopper (Gargoyle Fighter)                    Turns: 938, Time: 00:00:29

Health: -7/28      AC: 16    Str: 22    XL:     4   Next: 92%
Magic:  4/4        EV:  6    Int:  8    God:
Gold:   73         SH:  4    Dex:  9    Spells: 3/3 levels left

rFire   . . .        Y - +1 war axe
rCold   . . .        c - +0 buckler
rNeg    + + .        k - +0 plate armour
rPois   inf          (no helmet)
rElec   +            g - +0 cloak
rCorr   .            (no gloves)
SInv    .            (no boots)
Will    .....        (no amulet) Stlth
                     n - ring of positive energy
HPRegen 0.24/turn    (no ring)
MPRegen 0.09/turn

%: no passive effects
@: about to teleport
A: sickness immunity, AC +3, negative energy resistance 1, electricity
resistance, torment resistance 1, petrification resistance
a: no special abilities


You were on level 2 of the Dungeon.
You visited 1 branch of the dungeon, and saw 2 of its levels.

You collected 73 gold pieces.


Innate Abilities, Weirdness & Mutations

You are immune to sickness and miasma.
Your stone body is resilient. (AC +3)
You are immune to poison.
You resist negative energy. (rN+)
You are resistant to electric shocks. (rElec)
You are resistant to unholy torment.
You are immune to petrification.


   Skills:
 - Level 3.2 Fighting
 + Level 4.2 Axes
 - Level 1.0 Throwing
 - Level 3.2 Armour
 - Level 3.2 Shields


You had 3 spell levels left.
You didn't know any spells.
Your spell library was empty.

Inventory:

Hand Weapons
 j - a +0 whip
 Y - a +1 war axe (weapon)
Missiles
 f - 3 javelins (quivered)
Armour
 c - a +0 buckler (worn)
 g - a +0 cloak (worn)
 k - a +0 plate armour (worn)
Jewellery
 n - a ring of positive energy (left hand)
Scrolls
 a - a scroll of acquirement {unknown}
 b - a scroll of teleportation
Potions
 d - a potion of might
 o - a potion of degeneration {unknown}
 p - a potion of ambrosia {unknown}

Dungeon Overview and Level Annotations

Branches:
Dungeon (2/15)

Altars:


Message History

The gnoll hits you but does no damage.
You hit the gnoll but do no damage.
The gnoll is almost dead.
The gnoll hits you with a +0 club.
You hit the gnoll but do no damage.
The gnoll is almost dead.
The gnoll hits you but does no damage. The gnoll hits you with a +0 club.
You slash the gnoll!
You kill the gnoll!
You barely miss the gnoll.
The gnoll is almost dead.
You block the gnoll's attack.
You closely miss the gnoll.
The gnoll is almost dead.
The gnoll hits you but does no damage. You block the gnoll's attack.
You closely miss the gnoll.
The gnoll is almost dead.
The gnoll hits you but does no damage.
You hit the gnoll.
You kill the gnoll!
You closely miss the gnoll.
The gnoll is heavily wounded.
The gnoll hits you but does no damage. The gnoll hits you with a +0 flail.
You hit the gnoll.
The gnoll is severely wounded.
You block the gnoll's attack.
You barely miss the gnoll.
The gnoll is severely wounded.
The gnoll hits you with a +0 flail.
You barely miss the gnoll.
The gnoll is severely wounded.
The gnoll hits you with a +0 flail. You block the gnoll's attack.
You barely miss the gnoll.
The gnoll is severely wounded.
The gnoll hits you with a +0 flail!
938 ||| READING 2 scrolls of teleportation.
As you read the scroll of teleportation, it crumbles to dust.
You feel strangely unstable. The gnoll hits you with a +0 flail!
You die...

##.##.......#
##..##.......#
#..###......>###
#>.............##
#.#.##########..##
#.#...............
#.##############%.
#.# ##. #@# #. #g#
#. #.'...... ##
#.#...g.. #
###...... # ...(.
###'# #


You could see a gnoll.

Vanquished Creatures
  Jessica (D:2)
  3 gnolls (D:2)
  3 adders (D:2)
  2 bats
  2 endoplasms (D:1)
  2 goblins (D:1)
  2 hobgoblins (D:1)
  2 jackals (D:2)
  A quokka (D:1)
  3 ball pythons (D:1)
  3 frilled lizards
  4 kobolds (D:1)
  3 rats (D:1)
31 creatures vanquished.

Notes
Turn   | Place    | Note
-------+----------+-------------------------------------------
     0 | D:1      | qw the Gargoyle Fighter began the quest for the Orb.
     0 | D:1      | Reached XP level 1. HP: 14/14 MP: 1/1
     0 | D:1      | 0 ||| qw: Version: 0.2-a-103-g5a998e5
     0 | D:1      | 0 ||| qw: Game counter: 1082
     0 | D:1      | 0 ||| qw: Always use a shield: true
     0 | D:1      | 0 ||| qw: God list: Okawaru
     0 | D:1      | 0 ||| qw: Allow faded altars: false
     0 | D:1      | 0 ||| qw: Do Orc after D:15 true
     0 | D:1      | 0 ||| qw: Do second Lair branch before Depths: true
     0 | D:1      | 0 ||| qw: Lair rune preference: random
     0 | D:1      | 0 ||| qw: Plans: Normal, Zot:1-4, Slime:5, God:TSO, Crypt,
                  | Tomb, Pan, Hells, Abyss, Win
     0 | D:1      | 0 ||| PLANNING D:1-11
    12 | D:1      | 12 ||| Stepping ~*~*~tactically~*~*~ (stealth).
    13 | D:1      | 13 ||| Stepping ~*~*~tactically~*~*~ (stealth).
   152 | D:1      | Reached skill level 2 in Axes
   210 | D:1      | Reached XP level 2. HP: 19/19 MP: 2/2
   226 | D:1      | 226 ||| Stepping ~*~*~tactically~*~*~ (stealth).
   614 | D:1      | Reached skill level 3 in Axes
   752 | D:1      | 752 ||| UPGRADING to +0 cloak.
   757 | D:1      | 757 ||| UPGRADING to +0 plate armour.
   767 | D:1      | 767 ||| DROPPING +0 scale mail.
   768 | D:1      | 768 ||| UPGRADING to ring of positive energy.
   769 | D:1      | 769 ||| READING scroll labelled RANU KIRIGO.
   772 | D:1      | 772 ||| READING scroll labelled JOUSAY MIAL.
   773 | D:1      | 773 ||| READING scroll labelled VONIWEADYCOPN.
   774 | D:1      | 774 ||| READING scroll labelled RIOPHE BIEPSUCS.
   775 | D:1      | 775 ||| READING scroll labelled HOHUOZ ENARGH.
   776 | D:1      | 776 ||| READING scroll labelled SIETETOVUO.
   808 | D:2      | 808 ||| Stepping ~*~*~tactically~*~*~ (stealth).
   823 | D:2      | Reached skill level 1 in Throwing
   823 | D:2      | Reached XP level 3. HP: 22/23 MP: 3/3
   873 | D:2      | Noticed Jessica
   875 | D:2      | Killed Jessica
   876 | D:2      | Reached XP level 4. HP: 28/28 MP: 4/4
   911 | D:2      | 911 ||| Stepping ~*~*~tactically~*~*~ (stealth).
   921 | D:2      | Reached skill level 4 in Axes
   937 | D:2      | HP: 1/28 [gnoll/+0 flail (8)]
   938 | D:2      | 938 ||| READING 2 scrolls of teleportation.
   938 | D:2      | Mangled by a gnoll

Levels and vault maps discovered:
D:1:      ldierk_walled_garden, layout_loops_ring
D:2:      layout_basic, uniq_jessica, uniq_crazy_yiuf_cottage, uniq_robin

Skill      XL: |  1  2  3  4 |
---------------+-------------+-----
Axes           | 2 3 4 |  4.2
Throwing       | 1 |  1.0
Fighting       | |  3.2
Armour         | |  3.2
Shields        | |  3.2

Action                     |  1- 3 |  4- 6 || total
---------------------------+-------+-------++-------
  Melee: War axe           |    53 |    25 ||    78
  Throw: Javelin           |    21 |     1 ||    22
    Use: Scroll            |     6 |     1 ||     7
 Armour: Scale mail        |    15 |       ||    15
         Plate armour      |    38 |     8 ||    46
  Dodge: Dodged            |    22 |     4 ||    26
  Block: Buckler           |    15 |     6 ||    21

Table legend:
 A = Non-vault XP
 B = Vault XP
 C = Vault XP percentage of total XP
 D = Non-vault monster count
 E = Vault monster count
 F = Vault count percentage of total count
                 A         B        C        D         E       F
            +---------+---------+-------+---------+---------+-------
      Total |     122 |      37 |  23.3 |      30 |       1 |   3.2
            +---------+---------+-------+---------+---------+-------
        D:1 |      31 |       0 |   0.0 |      20 |       0 |   0.0
        D:2 |      91 |      37 |  28.9 |      10 |       1 |   9.1
            +---------+---------+-------+---------+---------+-------
